Map: Vaani Research Station (Void)

Players

Seither

  • Race: Terran Terran
  • League: Master
  • Spawn Location: 12:00

Neeb - Winner!

  • Race: Protoss Protoss
  • Spawn Location: 6:00

Event: NationWars IV

VOD

Have the link to the VOD?

Description

Time

  • Played on: Dec. 23, 2016, 12:57 p.m.
  • Length: 9:08

All games in this series

Show
View Real Time Build Order
Export as new Build Order

Seither Terran 

Build Orders: Reaper Expand, MMM Bio 

Get SALT Encoding   

  12  0:00  SCV  
  13  0:13  SCV  
  14  0:18  Supply Depot  
  14  0:25  SCV  
  15  0:40  SCV  
  15  0:41  Barracks  
  16  0:45  Refinery  
  16  0:52  SCV  
  17  1:04  SCV  
  18  1:16  SCV  
  19  1:29  Orbital Command, Reaper  
  20  1:43  Command Center  
  20  1:55  Barracks  
  20  1:57  SCV  
  21  2:01  Barracks Reactor  
  21  2:08  Supply Depot  
  21  2:10  SCV  
  22  2:18  Refinery  
  23  2:22  SCV  
  23  2:26  Factory  
  23  2:35  SCV  
  24  2:39  Marine  
  24  2:40  Marine  
  26  2:47  SCV  
  26  2:48  Barracks Tech Lab  
  27  2:56  Orbital Command  
  27  3:00  Marine x2  
  29  3:05  SCV  
  29  3:08  Marine, Stimpack  
  31  3:16  Starport  
  31  3:19  SCV  
  32  3:22  Marine  
  32  3:24  Marine  
  32  3:27  SCV  
  35  3:29  Marine  
  36  3:34  Engineering Bay  
  36  3:36  SCV  
  37  3:43  Marine x2  
  37  3:45  Factory Reactor  
  37  3:47  Marine, SCV  
  41  3:53  Supply Depot  
  41  4:00  Marine  
  41  4:01  Marine  
  43  4:03  Missile Turret, SCV  
  43  4:04  SCV  
  45  4:12  Marine  
  45  4:14  Terran Infantry Weapons Level 1  
  45  4:16  Supply Depot  
  46  4:18  Marine x2  
  46  4:19  SCV  
  46  4:21  SCV  
  50  4:28  Medivac x2  
  54  4:38  Marine x3, Refinery  
  57  4:40  SCV  
  57  4:42  Supply Depot  
  57  4:43  SCV  
  59  4:55  Factory Tech Lab  
  59  4:56  Barracks  
  59  4:57  Marine  
  59  4:58  Marine x2  
  62  5:01  Supply Depot  
  62  5:04  SCV x2  
  64  5:12  Missile Turret  
  60  5:21  SCV x2  
  60  5:22  Marauder, Marine x2  
  61  5:29  Medivac x2  
  61  5:33  SCV x2  
  59  5:44  Combat Shields  
  59  5:45  SCV x2  
  59  5:57  SCV  
  59  5:58  SCV  
  59  5:59  Marauder  
  59  6:02  Factory Reactor  
  63  6:09  SCV  
  63  6:10  SCV  
  66  6:11  Marauder  
  65  6:19  Supply Depot  
  65  6:21  SCV  
  65  6:22  SCV  
  65  6:24  Terran Infantry Armor Level 1  
  65  6:25  Liberator  
  67  6:31  Marine, Liberator  
  67  6:32  Marauder  
  70  6:33  Concussive Shells  
  70  6:37  SCV x2  
  75  6:49  SCV  
  75  6:52  SCV  
  80  7:01  SCV  
  80  7:07  Marauder x2, Marine  
  85  7:08  Supply Depot  
  85  7:17  Supply Depot  
  85  7:18  Supply Depot  
  85  7:19  SCV x2  
  85  7:22  Liberator x2  
  86  7:28  Supply Depot  
  86  7:29  Widow Mine x2  
  86  7:30  Marauder x2  
  94  7:38  Marine x2  
  102  7:46  SCV x2  
  102  7:47  Supply Depot  
  104  7:52  Marauder x2  
  104  7:56  Marine  
  104  7:57  Marine  
  110  8:03  SCV x2  
  110  8:05  Liberator x2  
  111  8:13  Widow Mine x2  
  111  8:14  Marine  
  112  8:27  Marauder x2, Supply Depot  
  113  8:34  Command Center  
  108  8:42  Command Center  
  100  8:49  Marine  
  99  8:56  Barracks  
  99  8:58  Barracks  
Show
View Real Time Build Order
Export as new Build Order

Neeb Protoss - Winner!

Build Orders: 1 Gate Expand, Dark Templar Rush 

Get SALT Encoding   

  12  0:01  Probe (Chrono Boost)  
  13  0:11  Probe (Chrono Boost)  
  14  0:19  Pylon  
  14  0:22  Probe (Chrono Boost)  
  15  0:37  Probe (Chrono Boost)  
  15  0:38  Gateway  
  16  0:46  Assimilator  
  16  0:47  Probe (Chrono Boost)  
  17  0:58  Probe (Chrono Boost)  
  18  1:08  Probe (Chrono Boost)  
  19  1:20  Nexus  
  19  1:23  Probe (Chrono Boost)  
  20  1:33  Assimilator  
  20  1:34  Probe (Chrono Boost)  
  21  1:45  Cybernetics Core  
  21  1:46  Probe (Chrono Boost)  
  22  1:52  Pylon  
  22  1:56  Probe (Chrono Boost)  
  23  2:10  Probe (Chrono Boost)  
  24  2:18  Adept  
  24  2:21  Warp Gate  
  24  2:22  Probe (Chrono Boost)  
  27  2:35  Probe (Chrono Boost)  
  27  2:36  Mothership Core (Chrono Boost)  
  30  2:44  Adept  
  30  2:45  Probe (Chrono Boost)  
  33  2:54  Probe (Chrono Boost)  
  33  2:56  Probe (Chrono Boost)  
  35  2:59  Robotics Facility  
  35  3:04  Probe (Chrono Boost)  
  36  3:08  Twilight Council  
  36  3:10  Probe (Chrono Boost)  
  37  3:15  Probe (Chrono Boost)  
  38  3:21  Probe (Chrono Boost)  
  38  3:25  Probe (Chrono Boost)  
  40  3:31  Probe (Chrono Boost)  
  41  3:35  Pylon  
  41  3:36  Probe (Chrono Boost)  
  42  3:42  Probe (Chrono Boost)  
  42  3:46  Probe (Chrono Boost), Gateway  
  42  3:47  Dark Shrine  
  44  3:50  Gateway  
  44  3:52  Warp Prism  
  44  4:00  Probe x2 (Chrono Boost)  
  48  4:03  Assimilator  
  48  4:07  Assimilator  
  48  4:11  Probe (Chrono Boost)  
  48  4:13  Probe (Chrono Boost)  
  48  4:15  Pylon  
  50  4:18  Pylon  
  50  4:21  Probe (Chrono Boost)  
  52  4:25  Probe (Chrono Boost)  
  52  4:27  Stalker  
  52  4:31  Observer  
  54  4:33  Probe (Chrono Boost)  
  54  4:34  Pylon  
  54  4:37  Probe (Chrono Boost)  
  57  4:43  Blink  
  57  4:44  Probe (Chrono Boost)  
  58  4:51  Probe (Chrono Boost)  
  58  4:55  Probe (Chrono Boost)  
  58  4:59  Dark Templar x2  
  63  5:01  Dark Templar  
  65  5:08  Nexus  
  65  5:13  Probe (Chrono Boost)  
  67  5:15  Probe (Chrono Boost)  
  67  5:18  Immortal  
  65  5:25  Probe (Chrono Boost)  
  65  5:27  Probe (Chrono Boost)  
  71  5:38  Probe (Chrono Boost)  
  71  5:39  Probe (Chrono Boost)  
  71  5:43  Gateway, Sentry x2  
  71  5:44  Gateway x2  
  75  5:52  Probe (Chrono Boost)  
  75  5:53  Probe (Chrono Boost)  
  77  5:58  Pylon  
  77  6:07  Pylon  
  77  6:08  Pylon  
  77  6:12  Immortal, Forge  
  77  6:13  Gateway  
  77  6:16  Gateway  
  79  6:19  Stalker, Sentry  
  79  6:23  Probe x2 (Chrono Boost)  
  85  6:26  Stalker  
  85  6:32  Pylon  
  88  6:37  Probe (Chrono Boost)  
  88  6:38  Probe (Chrono Boost)  
  89  6:42  Stalker  
  89  6:43  Stalker  
  93  6:47  Protoss Ground Weapons Level 1  
  93  6:50  Stalker x2  
  95  6:55  Stalker  
  95  6:56  Stalker  
  95  6:59  Probe (Chrono Boost)  
  92  7:06  Probe x2 (Chrono Boost), Stalker  
  93  7:09  Resonating Glaives  
  93  7:13  Probe (Chrono Boost)  
  94  7:18  Probe (Chrono Boost)  
  94  7:19  Probe (Chrono Boost)  
  96  7:25  Probe (Chrono Boost)  
  96  7:28  Adept x2  
  96  7:29  Adept, Probe (Chrono Boost), Sentry  
  107  7:30  Adept, Probe (Chrono Boost)  
  107  7:34  Dark Templar  
  107  7:35  Immortal  
  112  7:37  Probe (Chrono Boost)  
  112  7:42  Probe (Chrono Boost)  
  117  7:45  Probe (Chrono Boost)  
  117  7:49  Pylon  
  117  7:50  Adept x3  
  124  7:58  Pylon  
  124  8:01  Pylon  
  116  8:13  Stalker  
  116  8:14  Stalker x4  
  122  8:23  Stalker x2  
  120  8:29  Stalker  
  122  8:40  Probe x2 (Chrono Boost)  
  121  8:51  Stalker x2  
  121  8:52  Stalker x4  
Tags
 
Add a new tag
Caveats
  • Supply blocks, unpowered buildings, or Contaminate may cause inaccurate times.
  • Supply counts are checked every 10 seconds.